 Dungeon Crawl Stone Soup version 0.29.1-15-g9cfb28693d (webtiles) character file.

Game seed: 14925453082047112832

123 javelincjr the Magician (level 4, -1/33 HPs)
             Began as a Demonspawn Hedge Wizard on Apr 3, 2023.
             Slain by a black bear (5 damage)
             ... created by the rage of Trog
             ... on level 3 of the Dungeon.
             The game lasted 00:07:39 (2937 turns).

javelincjr the Magician (Demonspawn Hedge Wizard)   Turns: 2937, Time: 00:07:40

Health: -1/33      AC:  6    Str: 12    XL:     4   Next: 79%
Magic:  9/9        EV: 12    Int: 15    God:
Gold:   133        SH:  0    Dex: 13    Spells: 8/9 levels left

rFire   . . .      SeeInvis .   e - +1 mace (vorpal)
rCold   . . .      Faith    .   (no shield)
rNeg    . . .      Spirit   .   b - +0 robe
rPois   .          Reflect  .   c - +0 hat
rElec   .          Harm     .   (no cloak)
rCorr   .          Rampage  .   i - +1 pair of gloves
Will    .....                   (no boots)
Stlth   ++........              (no amulet)
HPRegen 0.11/turn               (no ring)
MPRegen 0.11/turn               (no ring)

@: mighty
A: molten scales 1, powered by death 1
a: no special abilities


You were on level 3 of the Dungeon.
You visited 1 branch of the dungeon, and saw 3 of its levels.

You collected 133 gold pieces.

Inventory:

Hand Weapons
 a - a +0 dagger
 e - a +1 vorpal mace (weapon)
Missiles
 g - 5 javelins
Armour
 b - a +0 robe (worn)
 c - a +0 hat (worn)
 i - a +1 pair of gloves (worn)
Scrolls
 k - 2 scrolls of fog {unknown}
 l - 2 scrolls of blinking {unknown}
 n - a scroll of fear {unknown}
 o - a scroll of identify {unknown}
 p - a scroll of amnesia {unknown}
 r - a scroll of magic mapping {unknown}
Potions
 d - a potion of magic
 j - 4 potions of heal wounds {unknown}


   Skills:
 * Level 2.0 Fighting
 + Level 1.1 Armour
 + Level 2.5 Dodging
 - Level 1.9 Stealth
 - Level 3.4 Spellcasting
 - Level 1.5 Conjurations
 - Level 1.5 Summonings
 - Level 1.4 Translocations


You had 8 spell levels left.
You knew the following spells:

 Your Spells              Type           Power      Damage    Failure   Level
a - Magic Dart            Conj           28%        1d4       11%         1

Your spell library contained the following spells:

 Spells                   Type           Power      Damage    Failure   Level
 Blink                    Tloc           14%        N/A       16%         2
 Call Imp                 Summ           7%         N/A       16%         2
 Slow                     Hex            8%         N/A       19%         1
 Conjure Flame            Conj/Fire      4%         6-21      38%         3
 Mephitic Cloud           Conj/Pois/Air  4%         N/A       43%         3


Dungeon Overview and Level Annotations

Branches:
Dungeon (3/15)

Altars:
Trog


Innate Abilities, Weirdness & Mutations

You are partially covered in molten scales. (AC +2)
You regenerate a little health from kills.


Message History

The orc misses you. The orc hits you with a +0 dagger.
You hit the orc.
The orc is severely wounded.
The orc closely misses you.
You hit the orc.
You kill the orc!
You now have 133 gold pieces (gained 8).
Things that are here:
a +0 dagger; a +0 club; a +0 robe HP restored.
Found a stone staircase leading down.
There is a stone staircase leading down here.
Trog sends monsters to punish you. 3 black bears and a polar bear come into view.
Sorry, you're not good enough to have a special ability.
Okay, then.
It was a potion of haste.
You feel yourself speed up.
It was a potion of cancellation.
Your magical effects are unravelling.
You feel magically purged.
You feel yourself slow down. The black bear closely misses you.
The black bear completely misses you. The black bear misses you.
The black bear bites you.
The black bear claws you but does no damage.
The black bear claws you.
It was a potion of curing.
You feel better. The black bear bites you.
The black bear claws you. x2; The black bear bites you.
The black bear claws you but does no damage.
The black bear claws you.
* * * LOW HITPOINT WARNING * * *
It was a potion of might.
You feel very mighty all of a sudden. The black bear bites you.
* * * LOW HITPOINT WARNING * * *
The black bear claws you.
* * * LOW HITPOINT WARNING * * *
The black bear claws you but does no damage.
The black bear rages.
The black bear bites you.
You die...

.....##....##.#
..#) ####.##.#
..> #.#..# ..
##...## . #
###....#
...#.##.>.##.#
........####...
###.....hh######
###.###h@# #..
##.h...# ...#
#####.# #.## #.
#


You could see a polar bear (berserk) and 3 black bears.

Vanquished Creatures
  Jessica (D:3)
  3 adders (D:2)
  A dart slug (D:2)
  An orc (D:3)
  4 bats
  4 endoplasms
  2 giant cockroaches (D:1)
  9 goblins
  6 hobgoblins
  6 jackals
  7 kobolds
  3 quokkas
  4 ball pythons
  3 frilled lizards
  10 rats
64 creatures vanquished.

Notes
Turn   | Place    | Note
-------+----------+-------------------------------------------
     0 | D:1      | javelincjr the Demonspawn Hedge Wizard began the quest for
                  | the Orb.
     0 | D:1      | Reached XP level 1. HP: 13/13 MP: 4/4
   377 | D:1      | Reached skill level 1 in Translocations
   506 | D:1      | Gained mutation: You are partially covered in molten
                  | scales. (AC +2) [demonic ancestry]
   506 | D:1      | Reached XP level 2. HP: 19/19 MP: 0/6
  1082 | D:1      | Reached XP level 3. HP: 25/25 MP: 5/7
  1571 | D:2      | Reached skill level 1 in Fighting
  2030 | D:2      | Gained mutation: You regenerate a little health from kills.
                  | [demonic ancestry]
  2030 | D:2      | Reached XP level 4. HP: 31/32 MP: 2/9
  2276 | D:2      | Found a faded altar of an unknown god.
  2290 | D:2      | Prayed at the altar of an unknown god.
  2290 | D:2      | Became a worshipper of Trog the Wrathful
  2290 | D:2      | Reached * piety under Trog
  2296 | D:2      | Fell from the grace of Trog
  2764 | D:3      | Noticed Jessica
  2784 | D:3      | Killed Jessica
  2785 | D:3      | Reached skill level 1 in Armour
  2934 | D:3      | Noticed a black bear
  2934 | D:3      | Noticed a black bear
  2934 | D:3      | Noticed a black bear
  2934 | D:3      | Noticed a polar bear
  2937 | D:3      | Slain by a black bear

Illustrated notes

Levels and vault maps discovered:
D:1:      dpeg_arrival_renting, layout_basic
D:2:      layout_basic, ebering_ecumenical_altar_abandoned
D:3:      layout_rooms, uniq_sigmund, uniq_jessica

Skill      XL: |  1  2  3  4 |
---------------+-------------+-----
Translocations | 1 |  1.4
Dodging        | 2 |  2.5
Fighting       | 1 2 |  2.0
Armour         | 1 |  1.1
Stealth        | |  1.9
Spellcasting   | |  3.4
Conjurations   | |  1.5
Summonings     | |  1.5

Action                   |  1- 3 |  4- 6 || total
-------------------------+-------+-------++-------
Melee: Dagger            |    11 |       ||    11
       Mace              |    37 |    21 ||    58
       Punch             |     1 |       ||     1
 Cast: Magic Dart        |    96 |    40 ||   136
Invok: Berserk           |       |     1 ||     1
       Renounce Religion |       |     1 ||     1
  Use: Potion            |       |     4 ||     4
Armor: Robe              |    20 |    15 ||    35
Dodge: Dodged            |    56 |    25 ||    81
